 Dungeon Crawl Stone Soup version 0.13-a0-1804-g486adc7 (webtiles) character file.

68 Kae the Chiller (level 2, -1/22 HPs)
             Began as a Naga Ice Elementalist on June 24, 2013.
             Slain by a giant gecko (3 damage)
             ... on Level 1 of the Dungeon.
             The game lasted 00:03:13 (1160 turns).

Kae the Chiller (Naga Ice Elementalist)             Turns: 1160, Time: 00:03:13

HP  -1/22        AC  1     Str 10      XL: 2   Next: 79%
MP   0/4         EV  9     Int 15      God:
Gold 48          SH  7     Dex 11      Spells:  2 memorised,  1 level left

Res.Fire  : . . .   See Invis. : +   (no weapon)
Res.Cold  : . . .   Warding    : .   a - +0 robe
Life Prot.: . . .   Conserve   : .   h - +1 elf buckler
Res.Poison: +       Res.Corr.  : .   (no helmet)
Res.Elec. : .       Clarity    : .   (no cloak)
Sust.Abil.: . .     Spirit.Shd : .   (no gloves)
Res.Mut.  : .       Stasis     : .   (no barding)
Res.Rott. : .       Flight     : .   (no amulet)
Saprovore : . . .                    (no ring)
                                     (no ring)

@: very slightly contaminated, very slow, slightly resistant to hostile
enchantments, fairly stealthy
A: spit poison, see invisible, deformed body, poison resistance, slowness 2
a: Spit Poison


You were on level 1 of the Dungeon.
You were hungry.

You visited 1 branch of the dungeon, and saw 1 of its levels.

You collected 28 gold pieces.

Inventory:

Armour
 a - a +0 robe (worn)
 h - a +1 elven buckler (worn)
Comestibles
 c - a bread ration
 j - an apple
 m - a choko
Scrolls
 f - a scroll of identify
 g - a scroll of curse jewellery
 k - a scroll of enchant weapon II {unknown}
 l - a scroll of remove curse {unknown}
Books
 b - a book of Frost

   Spells                             Type                      Level
   *Freeze                            Ice                          1
   *Throw Frost                       Conjuration/Ice              2
   Ozocubu's Armour                   Charms/Ice                   3
   Throw Icicle                       Conjuration/Ice              4
   Summon Ice Beast                   Ice/Summoning                4
   Condensation Shield                Ice                          4


   Skills:
 - Level 1.5 Dodging
 - Level 3.0 Stealth
 + Level 1.5 Spellcasting
 * Level 1.4 Conjurations
 * Level 3.5 Ice Magic


You had one spell level left.
You knew the following spells:

 Your Spells              Type           Power        Failure   Level  Hunger
a - Freeze                Ice            ##..         10%         1    ##.....
b - Throw Frost           Conj/Ice       #.....       17%         2    ###....


Dungeon Overview and Level Annotations

Branches:
Dungeon (1/27)

Altars:


Innate Abilities, Weirdness & Mutations

You cannot wear boots.
You can spit poison.
You have supernaturally acute eyesight.
Armour fits poorly on your strangely shaped body.
Your system is resistant to poisons.
You cover ground very slowly.


Message History

Aim: a jackal You freeze the jackal.
You kill the jackal!
The jackal bites you but does no damage.
You block the giant gecko's attack. You block the jackal's attack.
Read which item? (? for menu, Esc to quit)
As you read the scroll labeled MNERHE JOMUS, it crumbles to dust.
Use on which item? (\ to view known items) (? for menu, Esc to quit)
g - a scroll of curse jewellery It was a scroll of identify.
The jackal bites you.
* * * LOW HITPOINT WARNING * * *
The giant gecko bites you.
* * * LOW HITPOINT WARNING * * *
You block the jackal's attack. The jackal bites you.
* * * LOW HITPOINT WARNING * * *
Read which item? (? for menu, Esc to quit)
As you read the scroll labeled PSOBUP GUDDUAQ, it crumbles to dust.
Use on which item? (\ to view known items) (? for menu, Esc to quit)
Nothing appears to happen.
The giant gecko bites you.
You die...

#.#.#########...####.###...#.#
#. ....# #...# #.....###.####
#.### #######...#
#####......... #.# #.........#
#.#.#####. #.# #.####....#
#.#.#####. #.# # ###....#
#.#.##.... ..# #.##......##
#.#^##.##. ### #.......rhh#
#.#.##.##. #..#...#.#@#
#......... #.....h#.#l#
########## ##..........
#.##.##.#.## #. #.##.#.# #.
.... ..# . ..## ### . ..# .


You could see a giant gecko, 2 jackals and a rat.

Vanquished Creatures
  An ooze (D:1)
  A giant cockroach (D:1)
  4 hobgoblins (D:1)
  2 jackals (D:1)
  4 kobolds (D:1)
  3 bats (D:1)
  2 giant newts (D:1)
  A goblin (D:1)
  2 rats (D:1)
20 creatures vanquished.

Vanquished Creatures (others)
  A rat (D:1)
1 creature vanquished.

Grand Total: 21 creatures vanquished

Notes
Turn   | Place    | Note
--------------------------------------------------------------
     0 | D:1      | Kae, the Naga Ice Elementalist, began the quest for the Orb.
     0 | D:1      | Reached XP level 1. HP: 15/15 MP: 3/3
   264 | D:1      | Reached XP level 2. HP: 14/22 MP: 0/4
   268 | D:1      | Learned a level 2 spell: Throw Frost
   302 | D:1      | Reached XP level 1. HP: 6/15 MP: 2/3
   304 | D:1      | Reached XP level 2. HP: 5/22 MP: 1/4
  1160 | D:1      | Slain by a giant gecko

Action                   || total
-------------------------++-------
Melee: Unarmed           ||    21
 Cast: Freeze            ||    35
  Use: Scroll            ||     4
